Workbook

Sheet Cover
C13: FINOV8R CONSULTING, LLC
C14: ASSET YIELD MODEL
C16: PREPARED FOR: OPTUM BANK
C17: DATE: JUNE 25, 2024
C21: CONFIDENTIAL AND PRIVILEDGED

Sheet Asset Yield Initiatives
E1: ASSET YIELD MODEL BASED ON VARIOUS LENDING STRATEGIES
E2: FINOV8R CONSULTING, LLC
E4: Cumulative Quarters | G4: 1 | I4: =G4+1 -> 2 | K4: =I4+1 -> 3 | M4: =K4+1 -> 4 | O4: =M4+1 -> 5 | Q4: =O4+1 -> 6 | S4: =Q4+1 -> 7 | U4: =S4+1 -> 8 | W4: =U4+1 -> 9 | Y4: =W4+1 -> 10 | AA4: =Y4+1 -> 11 | AC4: =AA4+1 -> 12
E5: Quarter | G5: 1 | I5: 2 | K5: 3 | M5: 4 | O5: 1 | Q5: 2 | S5: 3 | U5: 4 | W5: 1 | Y5: 2 | AA5: 3 | AC5: 4
E6: Year | G6: 2024 | I6: 2024 | K6: 2024 | M6: 2024 | O6: 2025 | Q6: 2025 | S6: 2025 | U6: 2025 | W6: 2026 | Y6: 2026 | AA6: 2026 | AC6: 2026
E8: Funded Balance | G8: =+G21+G31+G41+G54 -> 17500000 | I8: =+I21+I31+I41+I54 -> 35000000 | K8: =+K21+K31+K41+K54 -> 52500000 | M8: =+M21+M31+M41+M54 -> 70000000 | O8: =+O21+O31+O41+O54 -> 87500000 | Q8: =+Q21+Q31+Q41+Q54 -> 105000000 | S8: =+S21+S31+S41+S54 -> 105000000 | U8: =+U21+U31+U41+U54 -> 105000000 | W8: =+W21+W31+W41+W54 -> 105000000 | Y8: =+Y21+Y31+Y41+Y54 -> 105000000 | AA8: =+AA21+AA31+AA41+AA54 -> 105000000 | AC8: =+AC21+AC31+AC41+AC54 -> 105000000
E10: Interest Income | G10: =+G23+G33+G46+G56 -> 356250 | I10: =+I23+I33+I46+I56 -> 712500 | K10: =+K23+K33+K46+K56 -> 1068750 | M10: =+M23+M33+M46+M56 -> 1425000 | O10: =+O23+O33+O46+O56 -> 1781250 | Q10: =+Q23+Q33+Q46+Q56 -> 2137500 | S10: =+S23+S33+S46+S56 -> 2137500 | U10: =+U23+U33+U46+U56 -> 2137500 | W10: =+W23+W33+W46+W56 -> 2137500 | Y10: =+Y23+Y33+Y46+Y56 -> 2137500 | AA10: =+AA23+AA33+AA46+AA56 -> 2137500 | AC10: =+AC23+AC33+AC46+AC56 -> 2137500
E12: AUM | G12: =G43 -> 0 | I12: =I43 -> 0 | K12: =K43 -> 0 | M12: =M43 -> 0 | O12: =O43 -> 0 | Q12: =Q43 -> 0 | S12: =S43 -> 0 | U12: =U43 -> 0 | W12: =W43 -> 0 | Y12: =Y43 -> 0 | AA12: =AA43 -> 0 | AC12: =AC43 -> 0
E14: Fee Income Expansion | G14: =G44 -> 0 | I14: =I44 -> 0 | K14: =K44 -> 0 | M14: =M44 -> 0 | O14: =O44 -> 0 | Q14: =Q44 -> 0 | S14: =S44 -> 0 | U14: =U44 -> 0 | W14: =W44 -> 0 | Y14: =Y44 -> 0 | AA14: =AA44 -> 0 | AC14: =AC44 -> 0
E16: Cumulative Quarters | G16: 1 | I16: =G16+1 -> 2 | K16: =I16+1 -> 3 | M16: =K16+1 -> 4 | O16: =M16+1 -> 5 | Q16: =O16+1 -> 6 | S16: =Q16+1 -> 7 | U16: =S16+1 -> 8 | W16: =U16+1 -> 9 | Y16: =W16+1 -> 10 | AA16: =Y16+1 -> 11 | AC16: =AA16+1 -> 12
E17: Quarter | G17: 1 | I17: 2 | K17: 3 | M17: 4 | O17: 1 | Q17: 2 | S17: 3 | U17: 4 | W17: 1 | Y17: 2 | AA17: 3 | AC17: 4
E18: Year | G18: 2024 | I18: 2024 | K18: 2024 | M18: 2024 | O18: 2025 | Q18: 2025 | S18: 2025 | U18: 2025 | W18: 2026 | Y18: 2026 | AA18: 2026 | AC18: 2026
B20: Lending Strategy #1 | C20: Initiative Parameters | E20: New Balance | G20: =$C$21/$C$22 -> 5833333.3 | I20: =$C$21/$C$22 -> 5833333.3 | K20: =$C$21/$C$22 -> 5833333.3 | M20: =$C$21/$C$22 -> 5833333.3 | O20: =$C$21/$C$22 -> 5833333.3 | Q20: =$C$21/$C$22 -> 5833333.3 | S20: 0 | U20: 0 | W20: 0 | Y20: 0 | AA20: 0 | AC20: 0
B21: Opportunity Size | C21: 35000000 | E21: Total Balance | G21: =G20 -> 5833333.3 | I21: =G21+I20 -> 11666667 | K21: =I21+K20 -> 17500000 | M21: =K21+M20 -> 23333333 | O21: =M21+O20 -> 29166667 | Q21: =O21+Q20 -> 35000000 | S21: =Q21+S20 -> 35000000 | U21: =S21+U20 -> 35000000 | W21: =U21+W20 -> 35000000 | Y21: =W21+Y20 -> 35000000 | AA21: =Y21+AA20 -> 35000000 | AC21: =AA21+AC20 -> 35000000
B22: Time Horizon (Quarters) | C22: 6
B23: Interest Income | C23: 0.075 | E23: Interest Income | G23: =G21*($C$23/4) -> 109375 | I23: =I21*($C$23/4) -> 218750 | K23: =K21*($C$23/4) -> 328125 | M23: =M21*($C$23/4) -> 437500 | O23: =O21*($C$23/4) -> 546875 | Q23: =Q21*($C$23/4) -> 656250 | S23: =S21*($C$23/4) -> 656250 | U23: =U21*($C$23/4) -> 656250 | W23: =W21*($C$23/4) -> 656250 | Y23: =Y21*($C$23/4) -> 656250 | AA23: =AA21*($C$23/4) -> 656250 | AC23: =AC21*($C$23/4) -> 656250
B24: Risk Rating | C24: 4
B25: Fixed or Floating | C25: Fixed
B30: Lending Strategy #2 | C30: Initiative Parameters | E30: New Balance | G30: =$C$31/$C$32 -> 4166666.7 | I30: =$C$31/$C$32 -> 4166666.7 | K30: =$C$31/$C$32 -> 4166666.7 | M30: =$C$31/$C$32 -> 4166666.7 | O30: =$C$31/$C$32 -> 4166666.7 | Q30: =$C$31/$C$32 -> 4166666.7 | S30: 0 | U30: 0 | W30: 0 | Y30: 0 | AA30: 0 | AC30: 0
B31: Opportunity Size | C31: 25000000 | E31: Total Balance | G31: =G30 -> 4166666.7 | I31: =G31+I30 -> 8333333.3 | K31: =I31+K30 -> 12500000 | M31: =K31+M30 -> 16666667 | O31: =M31+O30 -> 20833333 | Q31: =O31+Q30 -> 25000000 | S31: =Q31+S30 -> 25000000 | U31: =S31+U30 -> 25000000 | W31: =U31+W30 -> 25000000 | Y31: =W31+Y30 -> 25000000 | AA31: =Y31+AA30 -> 25000000 | AC31: =AA31+AC30 -> 25000000
B32: Time Horizon (Quarters) | C32: 6
B33: Interest Income | C33: 0.08 | E33: Interest Income | G33: =G31*($C$33/4) -> 83333.333 | I33: =I31*($C$33/4) -> 166666.67 | K33: =K31*($C$33/4) -> 250000 | M33: =M31*($C$33/4) -> 333333.33 | O33: =O31*($C$33/4) -> 416666.67 | Q33: =Q31*($C$33/4) -> 500000 | S33: =S31*($C$33/4) -> 500000 | U33: =U31*($C$33/4) -> 500000 | W33: =W31*($C$33/4) -> 500000 | Y33: =Y31*($C$33/4) -> 500000 | AA33: =AA31*($C$33/4) -> 500000 | AC33: =AC31*($C$33/4) -> 500000
B34: Risk Rating | C34: 4
B35: Fixed or Floating | C35: Fixed
B40: Lending Strategy #3 | C40: Initiative Parameters | E40: New Balance | G40: =$C$41/$C$42 -> 4166666.7 | I40: =$C$41/$C$42 -> 4166666.7 | K40: =$C$41/$C$42 -> 4166666.7 | M40: =$C$41/$C$42 -> 4166666.7 | O40: =$C$41/$C$42 -> 4166666.7 | Q40: =$C$41/$C$42 -> 4166666.7 | S40: =Q43 -> 0 | U40: =S43 -> 0 | W40: =U43 -> 0 | Y40: =W43 -> 0 | AA40: =Y43 -> 0 | AC40: =AA43 -> 0
B41: Opportunity Size | C41: 25000000 | E41: Total Balance | G41: =G40 -> 4166666.7 | I41: =G41+I40 -> 8333333.3 | K41: =I41+K40 -> 12500000 | M41: =K41+M40 -> 16666667 | O41: =M41+O40 -> 20833333 | Q41: =O41+Q40 -> 25000000 | S41: =Q41+S40 -> 25000000 | U41: =S41+U40 -> 25000000 | W41: =U41+W40 -> 25000000 | Y41: =W41+Y40 -> 25000000 | AA41: =Y41+AA40 -> 25000000 | AC41: =AA41+AC40 -> 25000000
B42: Time Horizon (Quarters) | C42: 6
B43: Interest Income | C43: 0.085
B44: Risk Rating | C44: 4 | E44: Incremental Fee Income | G44: 0 | I44: 0 | K44: 0 | M44: 0 | O44: 0 | Q44: 0 | S44: 0 | U44: 0 | W44: 0 | Y44: 0 | AA44: 0 | AC44: 0
B45: Fixed or Floating | C45: Fixed
E46: Interest Income | G46: =G41*($C$43/4) -> 88541.667 | I46: =I41*($C$43/4) -> 177083.33 | K46: =K41*($C$43/4) -> 265625 | M46: =M41*($C$43/4) -> 354166.67 | O46: =O41*($C$43/4) -> 442708.33 | Q46: =Q41*($C$43/4) -> 531250 | S46: =S41*($C$43/4) -> 531250 | U46: =U41*($C$43/4) -> 531250 | W46: =W41*($C$43/4) -> 531250 | Y46: =Y41*($C$43/4) -> 531250 | AA46: =AA41*($C$43/4) -> 531250 | AC46: =AC41*($C$43/4) -> 531250
B53: Lending Strategy #4 | C53: Initiative Parameters | E53: New Balance | G53: =$C$54/$C$55 -> 3333333.3 | I53: =$C$54/$C$55 -> 3333333.3 | K53: =$C$54/$C$55 -> 3333333.3 | M53: =$C$54/$C$55 -> 3333333.3 | O53: =$C$54/$C$55 -> 3333333.3 | Q53: =$C$54/$C$55 -> 3333333.3 | S53: 0 | U53: 0 | W53: 0 | Y53: 0 | AA53: 0 | AC53: 0
B54: Opportunity Size | C54: 20000000 | E54: Total Balance | G54: =G53 -> 3333333.3 | I54: =G54+I53 -> 6666666.7 | K54: =I54+K53 -> 10000000 | M54: =K54+M53 -> 13333333 | O54: =M54+O53 -> 16666667 | Q54: =O54+Q53 -> 20000000 | S54: =Q54+S53 -> 20000000 | U54: =S54+U53 -> 20000000 | W54: =U54+W53 -> 20000000 | Y54: =W54+Y53 -> 20000000 | AA54: =Y54+AA53 -> 20000000 | AC54: =AA54+AC53 -> 20000000
B55: Time Horizon (Quarters) | C55: 6
B56: Interest Income | C56: 0.09 | E56: Interest Income | G56: =G54*($C$56/4) -> 75000 | I56: =I54*($C$56/4) -> 150000 | K56: =K54*($C$56/4) -> 225000 | M56: =M54*($C$56/4) -> 300000 | O56: =O54*($C$56/4) -> 375000 | Q56: =Q54*($C$56/4) -> 450000 | S56: =S54*($C$56/4) -> 450000 | U56: =U54*($C$56/4) -> 450000 | W56: =W54*($C$56/4) -> 450000 | Y56: =Y54*($C$56/4) -> 450000 | AA56: =AA54*($C$56/4) -> 450000 | AC56: =AC54*($C$56/4) -> 450000
B57: Risk Rating | C57: 4
B58: Fixed or Floating | C58: Fixed

Sheet Financial Impact
E1: EARNINGS ACCRETION MODEL BASED ON VARIOUS LENDING STRATEGIES
E2: FINOV8R CONSULTING, LLC
C4: Quarter | E4: 1 | G4: 2 | I4: 3 | K4: 4 | M4: 1 | O4: 2 | Q4: 3 | S4: 4 | U4: 1 | W4: 2 | Y4: 3 | AA4: 4
C5: Year | E5: 2024 | G5: 2024 | I5: 2024 | K5: 2024 | M5: 2025 | O5: 2025 | Q5: 2025 | S5: 2025 | U5: 2026 | W5: 2026 | Y5: 2026 | AA5: 2026
B6: Incremental Balance Sheet | E6: 1Q2024 | G6: 2Q2024 | I6: 3Q2024 | K6: 4Q2024 | M6: 1Q2025 | O6: 2Q2025 | Q6: 3Q2025 | S6: 4Q2025 | U6: 1Q2026 | W6: 2Q2026 | Y6: 3Q2026 | AA6: 4Q2026 | AC6: FY 2024 | AE6: FY 2025 | AG6: FY 2026
B7: Asset Type #1 | E7: ='Asset Yield Initiatives'!G7 -> 0 | G7: ='Asset Yield Initiatives'!I7 -> 0 | I7: ='Asset Yield Initiatives'!K7 -> 0 | K7: ='Asset Yield Initiatives'!M7 -> 0 | M7: ='Asset Yield Initiatives'!O7 -> 0 | O7: ='Asset Yield Initiatives'!Q7 -> 0 | Q7: ='Asset Yield Initiatives'!S7 -> 0 | S7: ='Asset Yield Initiatives'!U7 -> 0 | U7: ='Asset Yield Initiatives'!W7 -> 0 | W7: ='Asset Yield Initiatives'!Y7 -> 0 | Y7: ='Asset Yield Initiatives'!AA7 -> 0 | AA7: ='Asset Yield Initiatives'!AC7 -> 0 | AC7: =K7 -> 0 | AE7: =S7 -> 0 | AG7: =AA7 -> 0
B8: Asset Type #2 | E8: ='Asset Yield Initiatives'!G8 -> 17500000 | G8: ='Asset Yield Initiatives'!I8 -> 35000000 | I8: ='Asset Yield Initiatives'!K8 -> 52500000 | K8: ='Asset Yield Initiatives'!M8 -> 70000000 | M8: ='Asset Yield Initiatives'!O8 -> 87500000 | O8: ='Asset Yield Initiatives'!Q8 -> 105000000 | Q8: ='Asset Yield Initiatives'!S8 -> 105000000 | S8: ='Asset Yield Initiatives'!U8 -> 105000000 | U8: ='Asset Yield Initiatives'!W8 -> 105000000 | W8: ='Asset Yield Initiatives'!Y8 -> 105000000 | Y8: ='Asset Yield Initiatives'!AA8 -> 105000000 | AA8: ='Asset Yield Initiatives'!AC8 -> 105000000 | AC8: =K8 -> 70000000 | AE8: =S8 -> 105000000 | AG8: =AA8 -> 105000000
B9: Total Assets | E9: =SUM(E7:E8) -> 17500000 | G9: =SUM(G7:G8) -> 35000000 | I9: =SUM(I7:I8) -> 52500000 | K9: =SUM(K7:K8) -> 70000000 | M9: =SUM(M7:M8) -> 87500000 | O9: =SUM(O7:O8) -> 105000000 | Q9: =SUM(Q7:Q8) -> 105000000 | S9: =SUM(S7:S8) -> 105000000 | U9: =SUM(U7:U8) -> 105000000 | W9: =SUM(W7:W8) -> 105000000 | Y9: =SUM(Y7:Y8) -> 105000000 | AA9: =SUM(AA7:AA8) -> 105000000 | AC9: =K9 -> 70000000 | AE9: =S9 -> 105000000 | AG9: =AA9 -> 105000000
B11: Revenue Generating Assets | C11: 1 | E11: =E9*$C$11 -> 17500000 | G11: =G9*$C$11 -> 35000000 | I11: =I9*$C$11 -> 52500000 | K11: =K9*$C$11 -> 70000000 | M11: =M9*$C$11 -> 87500000 | O11: =O9*$C$11 -> 105000000 | Q11: =Q9*$C$11 -> 105000000 | S11: =S9*$C$11 -> 105000000 | U11: =U9*$C$11 -> 105000000 | W11: =W9*$C$11 -> 105000000 | Y11: =Y9*$C$11 -> 105000000 | AA11: =AA9*$C$11 -> 105000000 | AC11: =K11 -> 70000000 | AE11: =S11 -> 105000000 | AG11: =AA11 -> 105000000
B13: Incremental Income Statement
B14: Interest Expense | C14: 0 | E14: =E11*($C$14/4) -> 0 | G14: =G11*($C$14/4) -> 0 | I14: =I11*($C$14/4) -> 0 | K14: =K11*($C$14/4) -> 0 | M14: =M11*($C$14/4) -> 0 | O14: =O11*($C$14/4) -> 0 | Q14: =Q11*($C$14/4) -> 0 | S14: =S11*($C$14/4) -> 0 | U14: =U11*($C$14/4) -> 0 | W14: =W11*($C$14/4) -> 0 | Y14: =Y11*($C$14/4) -> 0 | AA14: =AA11*($C$14/4) -> 0 | AC14: =SUM(E14:K14) -> 0 | AE14: =SUM(M14:S14) -> 0 | AG14: =SUM(U14:AA14) -> 0
B15: Additional Asset Expense | C15: 0.055 | E15: =(E9-E11)*($C$15/4) -> 0 | G15: =(G9-G11)*($C$15/4) -> 0 | I15: =(I9-I11)*($C$15/4) -> 0 | K15: =(K9-K11)*($C$15/4) -> 0 | M15: =(M9-M11)*($C$15/4) -> 0 | O15: =(O9-O11)*($C$15/4) -> 0 | Q15: =(Q9-Q11)*($C$15/4) -> 0 | S15: =(S9-S11)*($C$15/4) -> 0 | U15: =(U9-U11)*($C$15/4) -> 0 | W15: =(W9-W11)*($C$15/4) -> 0 | Y15: =(Y9-Y11)*($C$15/4) -> 0 | AA15: =(AA9-AA11)*($C$15/4) -> 0 | AC15: =K15 -> 0 | AE15: =S15 -> 0 | AG15: =AA15 -> 0
B17: Interest Income | E17: ='Asset Yield Initiatives'!G10 -> 356250 | G17: ='Asset Yield Initiatives'!I10 -> 712500 | I17: ='Asset Yield Initiatives'!K10 -> 1068750 | K17: ='Asset Yield Initiatives'!M10 -> 1425000 | M17: ='Asset Yield Initiatives'!O10 -> 1781250 | O17: ='Asset Yield Initiatives'!Q10 -> 2137500 | Q17: ='Asset Yield Initiatives'!S10 -> 2137500 | S17: ='Asset Yield Initiatives'!U10 -> 2137500 | U17: ='Asset Yield Initiatives'!W10 -> 2137500 | W17: ='Asset Yield Initiatives'!Y10 -> 2137500 | Y17: ='Asset Yield Initiatives'!AA10 -> 2137500 | AA17: ='Asset Yield Initiatives'!AC10 -> 2137500 | AC17: =SUM(E17:K17) -> 3562500 | AE17: =SUM(M17:S17) -> 8193750 | AG17: =SUM(U17:AA17) -> 8550000
B19: NII | E19: =E17-E15-E14 -> 356250 | G19: =G17-G15-G14 -> 712500 | I19: =I17-I15-I14 -> 1068750 | K19: =K17-K15-K14 -> 1425000 | M19: =M17-M15-M14 -> 1781250 | O19: =O17-O15-O14 -> 2137500 | Q19: =Q17-Q15-Q14 -> 2137500 | S19: =S17-S15-S14 -> 2137500 | U19: =U17-U15-U14 -> 2137500 | W19: =W17-W15-W14 -> 2137500 | Y19: =Y17-Y15-Y14 -> 2137500 | AA19: =AA17-AA15-AA14 -> 2137500 | AC19: =SUM(E19:K19) -> 3562500 | AE19: =SUM(M19:S19) -> 8193750 | AG19: =SUM(U19:AA19) -> 8550000
B21: Incremental Opex | C21: 0.3 | E21: =E19*$C$21 -> 106875 | G21: =G19*$C$21 -> 213750 | I21: =I19*$C$21 -> 320625 | K21: =K19*$C$21 -> 427500 | M21: =M19*$C$21 -> 534375 | O21: =O19*$C$21 -> 641250 | Q21: =Q19*$C$21 -> 641250 | S21: =S19*$C$21 -> 641250 | U21: =U19*$C$21 -> 641250 | W21: =W19*$C$21 -> 641250 | Y21: =Y19*$C$21 -> 641250 | AA21: =AA19*$C$21 -> 641250 | AC21: =SUM(E21:K21) -> 1068750 | AE21: =SUM(M21:S21) -> 2458125 | AG21: =SUM(U21:AA21) -> 2565000
B23: Earnings Accretion | E23: =E19-E21 -> 249375 | G23: =G19-G21 -> 498750 | I23: =I19-I21 -> 748125 | K23: =K19-K21 -> 997500 | M23: =M19-M21 -> 1246875 | O23: =O19-O21 -> 1496250 | Q23: =Q19-Q21 -> 1496250 | S23: =S19-S21 -> 1496250 | U23: =U19-U21 -> 1496250 | W23: =W19-W21 -> 1496250 | Y23: =Y19-Y21 -> 1496250 | AA23: =AA19-AA21 -> 1496250 | AC23: =SUM(E23:K23) -> 2493750 | AE23: =SUM(M23:S23) -> 5735625 | AG23: =SUM(U23:AA23) -> 5985000
B25: Incremental Return Metrics
B27: Deposit Capital | C27: 0 | E27: =E9*$C$27 -> 0 | G27: =G9*$C$27 -> 0 | I27: =I9*$C$27 -> 0 | K27: =K9*$C$27 -> 0 | M27: =M9*$C$27 -> 0 | O27: =O9*$C$27 -> 0 | Q27: =Q9*$C$27 -> 0 | S27: =S9*$C$27 -> 0 | U27: =U9*$C$27 -> 0 | W27: =W9*$C$27 -> 0 | Y27: =Y9*$C$27 -> 0 | AA27: =AA9*$C$27 -> 0 | AC27: =SUM(E27:K27) -> 0 | AE27: =SUM(M27:S27) -> 0 | AG27: =SUM(U27:AA27) -> 0
B28: Loan Capital | C28: 0.1 | E28: =E11*$C$28 -> 1750000 | G28: =G11*$C$28 -> 3500000 | I28: =I11*$C$28 -> 5250000 | K28: =K11*$C$28 -> 7000000 | M28: =M11*$C$28 -> 8750000 | O28: =O11*$C$28 -> 10500000 | Q28: =Q11*$C$28 -> 10500000 | S28: =S11*$C$28 -> 10500000 | U28: =U11*$C$28 -> 10500000 | W28: =W11*$C$28 -> 10500000 | Y28: =Y11*$C$28 -> 10500000 | AA28: =AA11*$C$28 -> 10500000 | AC28: =SUM(E28:K28) -> 17500000 | AE28: =SUM(M28:S28) -> 40250000 | AG28: =SUM(U28:AA28) -> 42000000
B29: Total Capital | E29: =SUM(E27:E28) -> 1750000 | G29: =SUM(G27:G28) -> 3500000 | I29: =SUM(I27:I28) -> 5250000 | K29: =SUM(K27:K28) -> 7000000 | M29: =SUM(M27:M28) -> 8750000 | O29: =SUM(O27:O28) -> 10500000 | Q29: =SUM(Q27:Q28) -> 10500000 | S29: =SUM(S27:S28) -> 10500000 | U29: =SUM(U27:U28) -> 10500000 | W29: =SUM(W27:W28) -> 10500000 | Y29: =SUM(Y27:Y28) -> 10500000 | AA29: =SUM(AA27:AA28) -> 10500000 | AC29: =SUM(E29:K29) -> 17500000 | AE29: =SUM(M29:S29) -> 40250000 | AG29: =SUM(U29:AA29) -> 42000000
B30: ROE | E30: =E23/E29 -> 0.1425 | G30: =G23/G29 -> 0.1425 | I30: =I23/I29 -> 0.1425 | K30: =K23/K29 -> 0.1425 | M30: =M23/M29 -> 0.1425 | O30: =O23/O29 -> 0.1425 | Q30: =Q23/Q29 -> 0.1425 | S30: =S23/S29 -> 0.1425 | U30: =U23/U29 -> 0.1425 | W30: =W23/W29 -> 0.1425 | Y30: =Y23/Y29 -> 0.1425 | AA30: =AA23/AA29 -> 0.1425 | AC30: =AC23/AC29 -> 0.1425 | AE30: =AE23/AE29 -> 0.1425 | AG30: =AG23/AG29 -> 0.1425
B33: Earnings Accretion (Quarterly) | E33: =E23 -> 249375 | G33: =G23 -> 498750 | I33: =I23 -> 748125 | K33: =K23 -> 997500 | M33: =M23 -> 1246875 | O33: =O23 -> 1496250 | Q33: =Q23 -> 1496250 | S33: =S23 -> 1496250 | U33: =U23 -> 1496250 | W33: =W23 -> 1496250 | Y33: =Y23 -> 1496250 | AA33: =AA23 -> 1496250 | AC33: =AC23 -> 2493750 | AE33: =AE23 -> 5735625 | AG33: =AG23 -> 5985000
B34: Total Asset Generation | E34: =E9 -> 17500000 | G34: =G9 -> 35000000 | I34: =I9 -> 52500000 | K34: =K9 -> 70000000 | M34: =M9 -> 87500000 | O34: =O9 -> 105000000 | Q34: =Q9 -> 105000000 | S34: =S9 -> 105000000 | U34: =U9 -> 105000000 | W34: =W9 -> 105000000 | Y34: =Y9 -> 105000000 | AA34: =AA9 -> 105000000 | AC34: =AC9 -> 70000000 | AE34: =AE9 -> 105000000 | AG34: =AG9 -> 105000000
B35: ROA | E35: =E33/E34 -> 0.01425 | G35: =G33/G34 -> 0.01425 | I35: =I33/I34 -> 0.01425 | K35: =K33/K34 -> 0.01425 | M35: =M33/M34 -> 0.01425 | O35: =O33/O34 -> 0.01425 | Q35: =Q33/Q34 -> 0.01425 | S35: =S33/S34 -> 0.01425 | U35: =U33/U34 -> 0.01425 | W35: =W33/W34 -> 0.01425 | Y35: =Y33/Y34 -> 0.01425 | AA35: =AA33/AA34 -> 0.01425 | AC35: =AC33/AC34 -> 0.035625 | AE35: =AE33/AE34 -> 0.054625 | AG35: =AG33/AG34 -> 0.057
